 Dungeon Sprint DCSS version 0.20-a0-785-g17250f0 (webtiles) character file.

280 esc the Fighter (level 8, -5/57 HPs)
             Began as a Gargoyle Gladiator on Feb 27, 2017.
             Was a High Priest of Wu Jian.
             Slain by a giant anaconda (14 damage)
             ... in the Dungeon (Sprint VI: "Thunderdome").
             The game lasted 00:08:04 (751 turns).

esc the Fighter (Gargoyle Gladiator)                 Turns: 751, Time: 00:08:04

Health: -5/57      AC: 12    Str: 15    XL:     8   Next: 52%
Magic:  17/17      EV: 11    Int: 13    God:    Wu Jian [*****.]
Gold:   133        SH:  0    Dex:  8    Spells: 7/7 levels left

rFire    x . .     SeeInvis .   a - +0 quarterstaff
rCold    + + +     Gourm    .   b - +0 leather armour
rNeg     + + .     Faith    +   (shield currently unavailable)
rPois    ∞         Spirit   .   c - +0 helmet
rElec    +         Reflect  .   (no cloak)
rCorr    .         Harm     .   u - +0 pair of gloves "Lory" {rC+++ Dex-3 Slay+5} (curse)
MR       +....     NoTele   +   (no boots)
Stlth    ++........             p - amulet "Baoclaxt" {Faith rN+ MR+ Str-5 Int+4}
Regen    0.2/turn               q - ring of Vumpea {Wiz +Inv rElec rPois rC+}
MPRegen  0.2/turn               r - ring "Evyeshra" {Ice MP+9 Stlth+}

@: exhausted, constricted
A: negative energy resistance 1, electricity resistance, unbreathing,
petrification resistance, rot immunity, AC +5
a: Serpent's Lash, Heaven On Earth, Renounce Religion, Evoke Invisibility


You were in the Dungeon.
You worshipped Wu Jian.
Wu Jian was extremely pleased with you.
You were not hungry.

You visited 1 branch You collected 600 gold pieces.
You spent 467 gold pieces at shops.

Inventory:

Hand Weapons
 a - a +0 quarterstaff (weapon)
Missiles
 d - 3 throwing nets {=f, !d}
Armour
 b - a +0 leather armour (worn)
 c - a +0 helmet (worn)
 u - the cursed +0 pair of gloves "Lory" (worn) {rC+++ Dex-3 Slay+5}
   (You bought it in a shop in the Dungeon)

   It affects your dexterity (-3).
   It affects your accuracy and damage with ranged weapons and melee attacks
   (+5).
   It renders you almost immune to cold.
   It has a curse placed upon it.
Jewellery
 p - the amulet "Baoclaxt" (around neck) {Faith rN+ MR+ Str-5 Int+4}
   (You bought it in a shop in the Dungeon)

   [amulet of faith]

   It allows you to gain divine favour quickly.
   It affects your strength (-5).
   It affects your intelligence (+4).
   It protects you from negative energy.
   It affects your resistance to hostile enchantments.
 q - the ring of Vumpea (right hand) {Wiz +Inv rElec rPois rC+}
   (You bought it in a shop in the Dungeon)

   [ring of wizardry]

   It improves your spell success rate.
   It protects you from cold.
   It insulates you from electricity.
   It protects you from poison.
   It lets you turn invisible.
 r - the ring "Evyeshra" (left hand) {Ice MP+9 Stlth+}
   (You bought it in a shop in the Dungeon)

   [ring of ice]

   It enhances your ice magic.
   It makes you vulnerable to fire.
   It protects you from cold.
   It affects your magic capacity (+9).
   It makes you more stealthy.
Wands
 l - a wand of acid (2/15)
   (You found it in the Dungeon)
 m - a wand of iceblast (5/15)
   (You found it in the Dungeon)
 t - a wand of digging (9/24)
   (You took it off Jessica in the Dungeon)
Scrolls
 k - 4 scrolls of blinking {!r}
 n - 3 scrolls of fog
Potions
 e - a potion of curing
 h - 4 potions of haste
 i - 2 potions of magic
 j - a potion of berserk rage {!q}
 o - a potion of resistance
Comestibles
 f - a bread ration {@e1}
 s - 8 chunks of flesh {@w0}


   Skills:
 + Level 10.3 Fighting
 + Level 9.8 Staves
 - Level 1.7 Throwing
 + Level 10.1 Armour
 + Level 8.1 Dodging


You had 7 spell levels left.
You didn't know any spells.

Dungeon Overview and Level Annotations

Branches:
Dungeon (1/1)

Altars:
Cheibriados
Dithmenos
Fedhas
Gozag
Kikubaaqudgha
Makhleb
Okawaru
Qazlal
Ru
Sif Muna
Trog
Uskayaw
Vehumet
Wu Jian
Xom
Yredelemnul
Zin
The Shining One
Beogh
Jiyva
Lugonu

Shops:
D *[%??*?*:[((!!!!


Innate Abilities, Weirdness & Mutations

You are resistant to torment.
Your stone body is resilient. (AC +5)
You are immune to poison.
You resist negative energy. (rN+)
You are resistant to electric shocks. (rElec)
You can survive without breathing.
You are immune to petrification.
You are immune to rotting.


Message History

Your Armour skill increases to level 10!
Your Dodging skill increases to level 8!
You now have enough gold to buy a +0 lajatang on this level.
You now have 465 gold pieces (gained 200).
There is a staircase leading out of the dungeon, spattered with blood here.
You see here a dream sheep corpse.
You butcher the dream sheep corpse.
s - 8 chunks of flesh {@w0} (gained 2)
You see here a dream sheep skeleton.
There is an entrance to Zusy's Advanced Armour here.
u - a pair of bloodstained gloves Thank you for shopping at Zusy's Advanced Armour!
Wear which item (? for menu, Esc to quit)
You start putting on your armour.
You continue putting on your pair of bloodstained gloves. x4
You finish putting on the cursed +0 pair of gloves "Lory" {rC+++ Dex-3 Slay+5}.
Oops, that feels deathly cold.
You start resting.
Get ready!
You regained 3 hp, and now have 30/57 hp.
You start resting.
ROUND 5!
BOSS ROUND!
A giant anaconda comes into view.
The giant anaconda completely misses you.
The giant anaconda bites you but does no damage.
You spin and attack the giant anaconda.
You completely miss the giant anaconda. The giant anaconda barely misses you.
The giant anaconda misses you. The giant anaconda grabs you.
The giant anaconda bites you. The giant anaconda constricts you.
You take 8 damage, and have 25/57 hp.
You escape the giant anaconda's grasp.
You spin and attack the giant anaconda.
You sock the giant anaconda! The giant anaconda grabs you.
The giant anaconda bites you but does no damage.
The giant anaconda constricts you.
Unknown command.
Unknown command.
You escape the giant anaconda's grasp.
You spin and attack the giant anaconda.
You hit the giant anaconda but do no damage.
The giant anaconda grabs you. The giant anaconda bites you!
* * * LOW HITPOINT WARNING * * *
x2 The giant anaconda constricts you.
You take 13 damage, and have 12/57 hp.
MASSIVE DAMAGE!!
Unknown command.
You feel much better. The giant anaconda bites you.
The giant anaconda constricts you.
The giant anaconda bites you but does no damage.
The giant anaconda constricts you.
You regained 15 hp, and now have 27/57 hp.
You escape the giant anaconda's grasp.
You spin and attack the giant anaconda.
You miss the giant anaconda. The giant anaconda grabs you.
The giant anaconda barely misses you. The giant anaconda constricts you.
You take 1 damage, and have 26/57 hp.
Unknown command.
Unknown command.
You escape the giant anaconda's grasp.
You spin and attack the giant anaconda.
You closely miss the giant anaconda. The giant anaconda closely misses you.
The giant anaconda bites you but does no damage.
The giant anaconda grabs you.
The giant anaconda bites you but does no damage.
The giant anaconda constricts you.
You take 3 damage, and have 23/57 hp.
Unknown command.
You escape the giant anaconda's grasp.
You spin and attack the giant anaconda.
You miss the giant anaconda. The giant anaconda grabs you.
The giant anaconda bites you.
* * * LOW HITPOINT WARNING * * *
The giant anaconda constricts you.
You take 6 damage, and have 17/57 hp.
Unknown command.
Unknown command.
Okay, then.
Your muscles tense, ready for explosive movement...
You escape the giant anaconda's grasp.
You spin and attack the giant anaconda with incredible momentum!
You sock the giant anaconda!
Swooosh!
You spin and attack the giant anaconda with incredible momentum!
You barely miss the giant anaconda.
SWOOSH!
You attack the giant anaconda from above.
You hit the giant anaconda. The giant anaconda grabs you.
The giant anaconda bites you.
* * * LOW HITPOINT WARNING * * *
x2 The giant anaconda constricts you.
You take 5 damage, and have 12/57 hp.
Unknown command.
Unknown command.
Unknown command.
Okay, then.
You escape the giant anaconda's grasp.
You spin and attack the giant anaconda.
You miss the giant anaconda. The giant anaconda grabs you.
The giant anaconda closely misses you.
* * * LOW HITPOINT WARNING * * *
The giant anaconda constricts you. The giant anaconda bites you!
You die...

#∩.......∩# #_......._#
#_......._# #_......._#
###.........###
#⌠.....÷.....⌠#
######.8.§...[...8.#####
##∩___..§§§.###......__.∩
###∩......@S8.# #.8........
##.............###..........
#⌠..........###...###.......
#⌠..........# #.<÷# #.......
#⌠..........###...###.......
##.............###..........
###∩....[...8.# #.8........
##∩___..[...###......__.∩
######.8.....†...8.#####


You could see a giant anaconda.

Vanquished Creatures
  A hippogriff (D)
  A dream sheep (D)
  Sigmund (D)
  A yak (D)
  2 necrophages (D)
  A crocodile (D)
  A wight (D)
  6 vampire bats (D)
  A howler monkey (D)
  Jessica (D)
  A hell rat (D)
  A river rat (D)
  An adder skeleton (D)
  A worm (D)
  A bat skeleton (D)
  A giant cockroach (D)
  A bat (D)
  A quokka skeleton (D)
24 creatures vanquished.

Notes
Turn   | Place    | Note
-------+----------+-------------------------------------------
     0 | D        | esc the Gargoyle Gladiator began the quest for the Orb.
     0 | D        | Reached XP level 1. HP: 12/12 MP: 1/1
     1 | D        | Found a deep blue altar of Sif Muna.
     1 | D        | Found a roughly hewn altar of Beogh.
     2 | D        | Found a blossoming altar of Fedhas.
     2 | D        | Found an ornate altar of the Wu Jian Council.
     3 | D        | Found a snail-covered altar of Cheibriados.
     3 | D        | Found a hide-covered altar of Uskayaw.
     4 | D        | Found Vyluntokh's Bee Food.
     4 | D        | Found an iron altar of Okawaru.
     4 | D        | Found a burning altar of Makhleb.
     4 | D        | Found Cilurud's Identification Station.
     5 | D        | Found Ciask's Jewellery.
     5 | D        | Found Zusy's Advanced Armour.
     5 | D        | Round 1.
    13 | D        | Bought a glittering lead amulet for 45 gold pieces
    13 | D        | Bought a wavering tin ring for 45 gold pieces
    13 | D        | Bought a brightly glowing jade ring for 45 gold pieces
    13 | D        | Identified the amulet "Baoclaxt" {Faith rN+ MR+ Str-5 Int+4} (You bought it in a shop in the Dungeon)
    14 | D        | Identified the ring "Evyeshra" {Ice MP+9 Stlth+} (You bought it in a shop in the Dungeon)
    15 | D        | Identified the ring of Vumpea {Wiz +Inv rElec rPois rC+} (You bought it in a shop in the Dungeon)
    19 | D        | Noticed Jessica
    21 | D        | Killed Jessica
    21 | D        | Reached skill level 3 in Fighting
    21 | D        | Reached skill level 4 in Staves
    21 | D        | Reached skill level 2 in Armour
    21 | D        | Reached skill level 3 in Dodging
    21 | D        | Reached XP level 2. HP: 20/20 MP: 1/2
    21 | D        | Reached XP level 3. HP: 24/24 MP: 1/3
    27 | D        | Found a glowing silver altar of Zin.
    35 | D        | Found an opulent altar of Gozag.
    35 | D        | Found a shadowy altar of Dithmenos.
    35 | D        | Found Xaof's Premium Goods.
    35 | D        | Found Sufaomyt's Miscellaneous Merchandise.
    36 | D        | Found Ifecs's Basic Armour.
    37 | D        | Found a basalt altar of Yredelemnul.
    37 | D        | Found an ancient bone altar of Kikubaaqudgha.
    37 | D        | Found Numypic's Weapon Rack.
    41 | D        | Found a viscous altar of Jiyva.
    42 | D        | Found a glowing golden altar of the Shining One.
    44 | D        | Found Palibby's Do-It-Yourself Clinic.
    45 | D        | Found Aleff's Bottled Wisdom.
    45 | D        | Found Xilic's Distillery.
    45 | D        | Found a corrupted altar of Lugonu.
    45 | D        | Found a stormy altar of Qazlal.
    45 | D        | Found Osipuyggo's Distillery.
    49 | D        | Found a shimmering altar of Xom.
    50 | D        | Found a sacrificial altar of Ru.
    51 | D        | Found a bloodstained altar of Trog.
    52 | D        | Found a radiant altar of Vehumet.
    52 | D        | Found Cyajaun's Staff Store.
    52 | D        | Found Rumpaas's Magic Scroll Shop.
    53 | D        | Found Teoffom's Must-Have Magic.
    53 | D        | Found Jikhomy's Magic Scroll Shop.
    60 | D        | Became a worshipper of the Wu Jian Council
    98 | D        | Reached skill level 3 in Armour
   129 | D        | Reached * piety under Wu Jian
   136 | D        | Noticed Sigmund
   142 | D        | HP: 4/24 [Sigmund/scythe (5)]
   148 | D        | Reached skill level 4 in Fighting
   148 | D        | Reached skill level 4 in Armour
   148 | D        | Reached skill level 4 in Dodging
   148 | D        | Reached XP level 4. HP: 19/30 MP: 4/4
   153 | D        | Killed Sigmund
   153 | D        | Arena points: 14 (+14) [x2]
   153 | D        | Reached skill level 6 in Fighting
   153 | D        | Reached skill level 6 in Staves
   153 | D        | Reached skill level 6 in Armour
   153 | D        | Reached skill level 5 in Dodging
   153 | D        | Reached XP level 5. HP: 22/37 MP: 5/5
   208 | D        | Round 2.
   228 | D        | Reached ** piety under Wu Jian
   273 | D        | HP: 7/37 [wight/battleaxe (8)]
   278 | D        | Reached skill level 7 in Fighting
   278 | D        | Reached XP level 6. HP: 9/44 MP: 6/6
   334 | D        | Reached *** piety under Wu Jian
   337 | D        | Noticed a necrophage
   344 | D        | Noticed a necrophage
   349 | D        | Killed a necrophage
   349 | D        | Reached skill level 7 in Staves
   349 | D        | Reached skill level 7 in Armour
   349 | D        | Reached skill level 6 in Dodging
   357 | D        | Killed a necrophage
   357 | D        | Arena points: 56 (+42) [x3]
   357 | D        | Reached skill level 8 in Fighting
   357 | D        | Reached XP level 7. HP: 38/49 MP: 7/7
   409 | D        | Round 3.
   427 | D        | Reached **** piety under Wu Jian
   427 | D        | Reached skill level 8 in Staves
   427 | D        | Reached skill level 8 in Armour
   474 | D        | Reached ***** piety under Wu Jian
   474 | D        | Reached skill level 7 in Dodging
   492 | D        | Arena points: 140 (+84) [x4]
   492 | D        | Reached skill level 9 in Fighting
   527 | D        | Round 4.
   549 | D        | Reached skill level 9 in Armour
   628 | D        | Noticed a hippogriff
   641 | D        | Killed a hippogriff
   641 | D        | Reached skill level 9 in Staves
   641 | D        | Reached XP level 8. HP: 21/57 MP: 8/8
   672 | D        | Noticed a dream sheep
   672 | D        | Noticed a yak
   680 | D        | Killed a dream sheep
   680 | D        | Reached skill level 10 in Fighting
   683 | D        | HP: 3/57 [yak (13)]
   690 | D        | Killed a yak
   690 | D        | Arena points: 280 (+140) [x5]
   690 | D        | Reached skill level 10 in Armour
   690 | D        | Reached skill level 8 in Dodging
   709 | D        | Bought a pair of bloodstained gloves for 332 gold pieces
   714 | D        | Identified the cursed +0 pair of gloves "Lory" {rC+++ Dex-3 Slay+5} (You bought it in a shop in the Dungeon)
   730 | D        | Round 5.
   734 | D        | Noticed a giant anaconda
   745 | D        | HP: 14/57 [giant anaconda (11)]
   750 | D        | HP: 13/57 [giant anaconda (4)]
   751 | D        | Slain by a giant anaconda

Vault maps used:
D:        arena_sprint

Skill      XL: |  1  2  3  4  5  6  7  8 |
---------------+-------------------------+-----
Fighting       | 3 4 6 7 8 9 10 | 10.3
Staves         | 4 6 7 9 |  9.8
Armour         | 2 4 6 7 9 10 | 10.1
Dodging        | 3 4 5 6 7 8 |  8.1
Throwing       | |  1.7

Action                   |  1- 3 |  4- 6 |  7- 9 || total
-------------------------+-------+-------+-------++-------
Melee: Quarterstaff      |    18 |    36 |    82 ||   136
Invok: Serpent's Lash    |       |       |     1 ||     1
Evoke: Wand              |     3 |       |       ||     3
  Use: Potion            |     1 |     1 |     2 ||     4
 Stab: Distracted        |       |       |     1 ||     1
Armor: Leather armour    |     1 |     6 |    29 ||    36
Dodge: Dodged            |    10 |    13 |    61 ||    84

Vault maps used:
D:        arena_sprint

Table legend:
 A = Turns spent in this place as a percentage of turns spent in the entire game.
 B = Non-inter-level travel turns spent in this place as a percentage of non-inter-level travel turns spent in the entire game.
 C = Inter-level travel turns spent in this place as a percentage of turns spent in this place.
 D = Turns resting spent in this place as a percentage of non-inter-level travel turns spent in this place.
 E = Turns spent auto-exploring this place as a percentage of non-inter-level travel turns spent in this place.
 F = Non-inter-level travel turns spent in this place divided by the number of levels of this place that you've seen.
                   A       B       C       D       E      F
               +-------+-------+-------+-------+-------+----------------------
         Total | 100.0 | 100.0 |   0.0 |   5.5 |   4.6 | 456.0
       Dungeon | 100.0 | 100.0 |   0.0 |   5.5 |   4.6 | 456.0
               +-------+-------+-------+-------+-------+----------------------

Table legend:
 A = Kills in this place as a percentage of kills in entire the game.
 B = Kills by you in this place as a percentage of kills by you in the entire game.
 C = Kills by friends in this place as a percentage of kills by friends in the entire game.
 D = Other kills in this place as a percentage of other kills in the entire game.
 E = Experience gained in this place as a percentage of experience gained in the entire game.
 F = Experience gained in this place divided by the number of levels of this place that you have seen.
                   A       B       C       D       E      F
               +-------+-------+-------+-------+-------+----------------------
         Total | 100.0 | 100.0 |  -nan |  -nan | 100.0 | 1804.0
       Dungeon | 100.0 | 100.0 |  -nan |  -nan | 100.0 | 1804.0
               +-------+-------+-------+-------+-------+----------------------
